 Dungeon Crawl Stone Soup version 0.29-a0-559-g359e09b9d1 (webtiles) character file.

Game seed: 12626353692510596326

1831 RancidPinata the Sneak (level 9, -6/62 HPs)
             Began as an Octopode Brigand on June 10, 2022.
             Mangled by a gnoll sergeant
             ... wielding a +2 spear of freezing
              (7 damage)
             ... on level 6 of the Dungeon.
             The game lasted 00:31:04 (7018 turns).

RancidPinata the Sneak (Octopode Brigand)           Turns: 7018, Time: 00:31:04

Health: -6/62      AC:  5    Str: 12    XL:     9   Next: 11%
Magic:  9/9        EV: 15    Int: 18    God:
Gold:   448        SH: 10    Dex: 15    Spells: 8/8 levels left

rFire   . . .      SeeInvis .   p - +9 whip of Litud {protect, *Rage rPois Int+4}
rCold   + . .      Faith    .   h - +0 buckler
rNeg    . . .      Spirit   .   (helmet restricted)
rPois   +          Reflect  +   d - amulet of reflection
rElec   .          Harm     .   f - +4 ring of protection
rCorr   .          Rampage  .   k - ring of protection from cold
Will    .....      Rage     20% C - ring of flight
Stlth   +++++.....              (no ring)
HPRegen 0.20/turn               (no ring)
MPRegen 0.11/turn               (no ring)
                                (no ring)
                                (no ring)

@: on berserk cooldown, flying, slowed, unable to read, very slow
A: almost no armour, amphibious, 8 rings, camouflage 1, gelatinous body 1,
(nimble swimmer 1), tentacles, inability to read while threatened
a: no special abilities


You were on level 6 of the Dungeon.
You visited 1 branch of the dungeon, and saw 7 of its levels.
You also visited: Ossuary.

You collected 448 gold pieces.

Inventory:

Hand Weapons
 a - a +2 dagger
 p - the +9 whip of Litud (weapon) {protect, *Rage rPois Int+4}
   (You found it on level 2 of the Dungeon)

   It grants its wielder temporary protection when it strikes (+7 to AC).
   Int:       It affects your intelligence (+4).
   rPois:     It protects you from poison.
   *Rage:     It berserks you when you make melee attacks (+20% chance).
 L - the +8 long sword "Roriuciext" {drain, *Corrode rF++}
   (You found it on level 7 of the Dungeon)

   A truly terrible weapon, it drains the life of any living foe it strikes.
   rF:        It greatly protects you from fire.
   *Corrode:  It may corrode you when you take damage.
Missiles
 b - 24 poisoned darts
 c - 3 curare-tipped darts
 e - 194 stones
 t - 6 javelins (quivered)
 w - 2 throwing nets
Armour
 h - a +0 buckler (worn)
Jewellery
 d - an amulet of reflection (around mantle)
 f - a +4 ring of protection (left tentacle)
 i - a ring of ice
 k - a ring of protection from cold (right tentacle)
 C - a ring of flight (on tentacle)
Wands
 j - a wand of flame (8)
 y - a wand of iceblast (6)
Scrolls
 m - 3 scrolls of vulnerability {unknown}
 n - a scroll of fog {unknown}
 r - a scroll of immolation
 s - a scroll of identify
 z - 2 scrolls of silence {unknown}
 B - 2 scrolls of teleportation
 D - a scroll of summoning {unknown}
 G - a scroll of fear {unknown}
 J - a scroll of blinking {unknown}
 K - a scroll of magic mapping {unknown}
 M - a scroll of torment {unknown}
Potions
 g - 2 potions of resistance
 l - 2 potions of might {unknown}
 o - 4 potions of attraction
 q - a potion of lignification {unknown}
 u - 4 potions of heal wounds
 v - a potion of berserk rage {unknown}
 x - a potion of magic {unknown}
 A - a potion of curing
 E - 2 potions of brilliance {unknown}
 F - 2 potions of degeneration {unknown}
 H - 2 potions of ambrosia {unknown}
 I - a potion of haste {unknown}


   Skills:
 * Level 5.7 Fighting
 - Level 2.3 Short Blades
 * Level 4.6 Maces & Flails
 + Level 4.1 Throwing
 * Level 5.4 Dodging
 + Level 7.6 Stealth
 - Level 4.0 Shields


You had 8 spell levels left.
You didn't know any spells.
Your spell library contained the following spells:

 Spells                   Type           Power      Damage    Failure   Level
 Summon Small Mammal      Summ           0%         N/A       28%         1
 Call Canine Familiar     Summ           0%         N/A       63%         3
 Dazzling Flash           Conj/Hex       0%         N/A       63%         3
 Summon Guardian Golem    Hex/Summ       0%         N/A       63%         3
 Agony                    Necr           0%         N/A       100%        5
 Silence                  Hex/Air        0%         N/A       100%        5


Dungeon Overview and Level Annotations

Branches:
Dungeon (7/15)            Ossuary (visited)
 Temple: D:4-7

Altars:
Dithmenos

Annotations:
D:7 1 runed translucent door, frimble's ghost, novice MeCA


Innate Abilities, Weirdness & Mutations

You cannot wear most types of armour.
You are amphibious.
You can wear up to eight rings at the same time.
Your skin changes colour to match your surroundings (Stealth+).
Your rubbery body absorbs attacks. (AC +1, EV +1)
((You are camouflaged when in or above water. (Stealth+)))
You have tentacles for arms and can constrict up to eight enemies at once.
You sometimes lose the ability to read scrolls when taking damage.


Message History

* * * LOW HITPOINT WARNING * * *
The gnoll sergeant freezes you.
* * * LOW HITPOINT WARNING * * *
The gnoll hits you with a +0 flail.
* * * LOW HITPOINT WARNING * * *
The gnoll barely misses you.
The gnoll hits you from afar with a +0 spear.
* * * LOW HITPOINT WARNING * * *
You cannot throw/fire anything while held in a net.
You don't know any spells.
Okay, then.
You cannot read scrolls in your current state!
It was a potion of heal wounds.
You feel much better. The gnoll sergeant closely misses you.
The gnoll hits you with a +0 flail.
The gnoll hits you from afar with a +0 spear.
The gnoll barely misses you.
The gnoll hits you from afar with a +0 spear.
* * * LOW HITPOINT WARNING * * *
The gnoll hits you from afar with a +0 spear.
* * * LOW HITPOINT WARNING * * *
The gnoll sergeant hits you but does no damage.
The gnoll closely misses you.
You feel better.
The gnoll sergeant hits you with a +2 spear of freezing.
* * * LOW HITPOINT WARNING * * *
The gnoll hits you with a +0 flail.
* * * LOW HITPOINT WARNING * * *
The gnoll barely misses you.
The gnoll hits you from afar with a +0 spear.
* * * LOW HITPOINT WARNING * * *
You shred the net and break free! The gnoll sergeant closely misses you.
The gnoll barely misses you. You block the gnoll's attack.
The gnoll hits you from afar with a +0 spear.
* * * LOW HITPOINT WARNING * * *
You block the gnoll's attack.
The gnoll hits you from afar with a +0 spear.
* * * LOW HITPOINT WARNING * * *
The gnoll closely misses you.
The gnoll sergeant hits you with a +2 spear of freezing!
You die...

............#.##....######
............#.###........#
#........##.†##.........#
..............#.........##
....#...................#
... #....<.......###.^..#
. ..............##.......
.##...................##.
. #........g.@g.........
#.#......###g......##. /
#|.....##.g......## ##.
#......gg)........ #..
........g.......... .. #
#.............#.... # .#
#$..........##...# #..
#.........##. ..# ...
......... .. ..


You could see a gnoll sergeant and 3 gnolls.

Vanquished Creatures
  A sky beast (D:7)
  4 ice beasts
  A centaur (D:5)
  A phantom (D:4)
  3 elf zombies (Ossuary)
  A bullfrog (D:7)
  2 scorpions (D:4)
  A lava snake (D:7)
  Crazy Yiuf (D:4)
  6 hounds
  3 iguanas (D:5)
  Ijyb (D:3)
  An orc wizard (D:7)
  2 mummies (Ossuary)
  Robin (D:3)
  16 gnolls
  12 adders
  A shadow imp (D:6)
  3 adder zombies (Ossuary)
  2 worms (D:2)
  A dart slug (D:3)
  10 orcs
  5 ball pythons
  9 bats
  12 endoplasms
  3 giant cockroaches
  13 goblins
  13 hobgoblins
  8 jackals
  5 kobolds
  3 quokkas
  5 frilled lizards
  A goblin zombie (D:5)
  10 hobgoblin zombies (Ossuary)
  A jackal zombie (Ossuary)
  12 kobold zombies (Ossuary)
  8 orc zombies (Ossuary)
  7 rats
189 creatures vanquished.

Notes
Turn   | Place    | Note
-------+----------+-------------------------------------------
     0 | D:1      | RancidPinata the Octopode Brigand began the quest for the
                  | Orb.
     0 | D:1      | Reached XP level 1. HP: 14/14 MP: 1/1
    68 | D:1      | Reached XP level 2. HP: 19/19 MP: 2/2
   362 | D:1      | Reached XP level 3. HP: 20/25 MP: 3/3
  1049 | D:2      | Reached XP level 4. HP: 30/30 MP: 4/4
  1205 | D:2      | Reached skill level 1 in Shields
  1421 | D:2      | Identified the +9 whip of Litud {protect, *Rage rPois
                  | Int+4}
  1921 | D:3      | Reached XP level 5. HP: 36/36 MP: 5/5
  1932 | D:3      | Noticed Robin
  2108 | D:3      | Killed Robin
  2249 | D:3      | Found a faded altar of an unknown god.
  2443 | D:3      | Noticed Ijyb
  2466 | D:3      | Reached skill level 1 in Maces & Flails
  2570 | D:3      | Reached XP level 6. HP: 40/42 MP: 6/6
  2623 | D:3      | Found a shadowy altar of Dithmenos.
  2757 | D:3      | Killed Ijyb
  3206 | D:4      | Reached skill level 6 in Stealth
  3676 | D:4      | Reached XP level 7. HP: 37/47 MP: 7/7
  3862 | D:4      | Found a runed translucent door.
  3863 | D:4      | Noticed Crazy Yiuf
  4344 | D:4      | Killed Crazy Yiuf
  4433 | D:5      | Entered Level 5 of the Dungeon
  4682 | D:5      | Found a sand-covered staircase.
  4693 | Ossuary  | Entered an ossuary
  4904 | Ossuary  | Reached XP level 8. HP: 54/54 MP: 8/8
  5005 | Ossuary  | Gained mutation: One of your tentacles bears a spike.
                  | [potion of mutation]
  5005 | Ossuary  | Gained mutation: Your mind is acute. (Int +2) [potion of
                  | mutation]
  5006 | Ossuary  | Lost mutation: One of your tentacles bears a spike. [potion
                  | of mutation]
  5006 | Ossuary  | Lost mutation: Your mind is acute. (Int +2) [potion of
                  | mutation]
  5006 | Ossuary  | Gained mutation: You sometimes lose the ability to read
                  | scrolls when taking damage. [potion of mutation]
  5626 | D:5      | Reached skill level 7 in Stealth
  5868 | D:6      | Reached skill level 5 in Fighting
  6038 | D:7      | Identified the +8 long sword "Roriuciext" {drain, *Corrode
                  | rF++}
  6116 | D:7      | Found a runed translucent door.
  6117 | D:7      | Noticed a komodo dragon
  6118 | D:7      | Noticed frimble's ghost (novice MeCA)
  6118 | D:7      | Found the +3 woodcutter's axe {vorpal}
  6326 | D:7      | Reached skill level 5 in Dodging
  6627 | D:7      | Reached XP level 9. HP: 61/61 MP: 9/9
  6907 | D:7      | Noticed a quicksilver ooze
  7018 | D:6      | HP: 1/62 [gnoll/+0 spear[a gnoll sergeant] (5)]
  7018 | D:6      | Mangled by a gnoll sergeant

Illustrated notes

Levels and vault maps discovered:
D:1:      minmay_arrival_arboretum_small, layout_basic, minmay_small_reverse_x
D:2:      layout_basic, serial_park_tiny_2, minmay_pentomino_s2
D:3:      layout_basic, nicolae_dithmenos_through_a_glass_darkly,
          hellmonk_ecumenical_altar_pennies_from_heaven, uniq_ijyb, uniq_robin
D:4:      layout_loops_corners, uniq_crazy_yiuf_cottage
D:5:      layout_cave_pods, enter_ossuary_3, kennysheep_generic_room_6
D:6:      layout_cave_pools, minmay_temple_entry_stoned_glass
D:7:      layout_loops_cross, ebering_ghost_inner_flame,
          hangedman_abyss_or_decor_slice, nicolae_lava_and_water,
          kennysheep_generic_room_8

Skill      XL: |  1  2  3  4  5  6  7  8 |
---------------+-------------------------+-----
Dodging        | 2 3 4 5 |  5.4
Shields        | 1 2 3 4 |  4.0
Fighting       | 3 4 5 |  5.7
Maces & Flails | 1 2 3 4 |  4.6
Stealth        | 6 7 |  7.6
Throwing       | 3 4 |  4.1
Short Blades   | |  2.3

Action                   |  1- 3 |  4- 6 |  7- 9 || total
-------------------------+-------+-------+-------++-------
Melee: Dagger            |    66 |    23 |     2 ||    91
       Tentacles         |     9 |    23 |    44 ||    76
       Constrict         |    12 |    21 |    40 ||    73
       Punch             |     1 |     1 |     4 ||     6
       Whip              |       |    98 |   170 ||   268
Throw: Dart              |       |     1 |       ||     1
       Javelin           |       |       |     2 ||     2
  Use: Scroll            |       |       |     5 ||     5
       Potion            |       |       |     5 ||     5
 Stab: Sleeping          |    18 |    20 |    15 ||    53
       Distracted        |       |       |     1 ||     1
Armor: Skin              |     8 |    20 |    27 ||    55
Dodge: Dodged            |    31 |    71 |    69 ||   171
Block: Other             |    15 |       |       ||    15
       Buckler           |     3 |    60 |    66 ||   129
       Reflection        |       |     1 |       ||     1

Table legend: (Time is in decaauts)
 A = Elapsed time spent in this place.
 B = Non-inter-level travel time spent in this place.
 C = Inter-level travel time spent in this place.
 D = Time resting spent in this place.
 E = Time spent auto-exploring this place.
 F = Levels seen in this place.
 G = Mean time per level.
                   A        B        C        D        E       F      G
               +--------+--------+--------+--------+--------+-----+--------+
         Total |   7319 |   7159 |    160 |   1286 |   3547 |   8 |  914.9 |
       Dungeon |   6955 |   6795 |    160 |   1251 |   3547 |   7 |  993.6 |
       Ossuary |    364 |    364 |      0 |     35 |      0 |   1 |  364.0 |
               +--------+--------+--------+--------+--------+-----+--------+

Top non-repeatable levels by time:
     D:4: 1362 daAuts
     D:2: 1289 daAuts
     D:5: 1150 daAuts
     D:3: 1092 daAuts
     D:7: 1091 daAuts
     D:1: 850 daAuts
 Ossuary: 364 daAuts
     D:6: 118 daAuts
